Map: Para Site LE

Players

kingkorean - Winner!

  • Race: Protoss Protoss
  • League: Platinum
  • Spawn Location: 5:00

Yocto

  • Race: Zerg Zerg
  • League: Platinum
  • Spawn Location: 11:00

VOD

Have the link to the VOD?

Description

Time

  • Played on: Dec. 22, 2018, 5:59 a.m.
  • Length: 18:19
Show
View Real Time Build Order
Export as new Build Order

kingkorean Protoss - Winner!

Build Orders: 1 Gate Expand, Archon Immortal, Archon Drop 

Get SALT Encoding   

  12  0:01  Probe  
  13  0:13  Probe  
  14  0:28  Probe, Pylon  
  15  0:46  Probe  
  16  0:55  Gateway  
  16  0:59  Probe, Assimilator  
  17  1:11  Probe  
  18  1:23  Probe  
  19  1:29  Nexus  
  19  1:43  Cybernetics Core  
  19  1:45  Probe  
  20  1:55  Assimilator  
  20  2:05  Pylon  
  20  2:08  Gateway  
  20  2:10  Probe  
  21  2:19  Warp Gate  
  21  2:22  Probe  
  22  2:34  Probe  
  23  2:44  Probe  
  23  2:46  Probe, Stalker  
  23  2:50  Twilight Council  
  25  2:56  Probe  
  28  2:58  Probe  
  28  3:06  Charge  
  28  3:10  Stalker  
  28  3:12  Probe  
  29  3:20  Gateway  
  31  3:30  Probe x2  
  33  3:52  Gateway  
  33  4:03  Probe x2  
  35  4:15  Probe  
  36  4:17  Pylon  
  36  4:23  Templar Archives  
  36  4:24  Probe  
  36  4:28  Pylon  
  36  4:30  Pylon  
  38  4:33  Shield Battery  
  37  4:40  Probe  
  37  4:42  Robotics Facility, Probe  
  40  4:54  Zealot x2  
  40  4:58  Assimilator  
  43  5:06  Assimilator  
  43  5:13  Gateway  
  43  5:17  Gateway  
  43  5:18  Gateway, High Templar x2  
  47  5:26  Gateway  
  47  5:29  Gateway  
  47  5:42  Warp Prism  
  47  5:48  High Templar  
  49  5:50  Zealot  
  53  6:03  High Templar  
  55  6:04  Zealot  
  55  6:06  Archon  
  55  6:07  Archon  
  55  6:09  Zealot  
  59  6:12  Zealot x2  
  59  6:15  Zealot  
  65  6:19  Pylon  
  65  6:35  Nexus  
  65  6:40  Zealot x3  
  67  7:17  Probe x2, Immortal  
  67  7:21  Pylon  
  69  7:27  Robotics Facility  
  73  7:35  Forge, Pylon  
  73  7:52  Immortal  
  77  8:03  Psionic Storm  
  75  8:10  Probe  
  75  8:11  Probe x2  
  75  8:12  High Templar x3  
  78  8:15  High Templar x3  
  78  8:16  Immortal  
  74  8:23  Probe x3  
  81  8:35  Probe x2  
  81  8:37  Immortal  
  83  8:43  Sentry x2  
  83  8:44  Assimilator  
  83  8:46  Protoss Ground Weapons Level 1  
  83  8:48  Assimilator  
  91  8:56  Observer  
  91  9:04  Probe x2  
  91  9:05  Probe  
  93  9:16  Probe x2  
  89  9:23  Zealot x3  
  92  9:33  Zealot  
  94  9:50  Pylon x2  
  94  9:52  Nexus  
  94  10:02  Pylon  
  94  10:05  Pylon  
  94  10:20  Zealot x3  
  94  10:21  Zealot, Pylon  
  102  10:43  Nexus  
  102  10:49  Protoss Ground Weapons Level 2  
  102  10:51  Zealot x4  
  110  10:59  Probe x2  
  112  11:05  Immortal  
  112  11:08  Forge, Pylon  
  108  11:26  Probe x2  
  108  11:27  High Templar  
  108  11:28  High Templar x5  
  122  11:34  Sentry x2  
  122  11:37  Archon x3  
  126  11:44  Robotics Bay  
  126  11:45  Probe x3  
  129  11:57  Probe  
  130  12:03  Zealot x3  
  130  12:04  Zealot x2  
  140  12:14  Probe  
  140  12:15  Probe x3  
  144  12:18  Assimilator  
  144  12:23  Assimilator  
  142  12:44  Observer x2  
  122  12:53  High Templar x2  
  122  12:54  High Templar, Zealot x5  
  134  13:02  Observer  
  131  13:06  Immortal  
  131  13:29  Pylon  
  131  13:33  Probe x2  
  133  13:45  Assimilator  
  133  13:47  Probe x2, Immortal  
  139  13:49  Assimilator  
  139  13:50  Protoss Ground Weapons Level 3  
  119  14:26  Warp Prism  
  81  14:42  High Templar  
  81  14:43  High Templar x2  
  75  14:46  High Templar x2, Zealot  
  75  14:47  Zealot x2  
  75  14:48  Probe x2  
  75  14:52  Probe  
  88  14:55  Observer  
  88  15:00  Probe  
  90  15:08  Probe x2  
  90  15:13  Observer, Probe  
  92  15:20  Probe x2  
  75  15:28  Archon  
  75  15:31  Zealot x3  
  79  15:40  Probe  
  79  15:41  Probe x2  
  82  16:05  Probe x2  
  82  16:06  Probe  
  85  16:13  Probe x2, Protoss Ground Armor Level 1  
  85  16:14  Probe  
  88  16:20  High Templar x3  
  94  16:51  Nexus  
  90  17:05  Pylon  
  88  17:09  Immortal x2  
  88  17:10  Sentry x4  
  104  17:28  Stalker x3  
  110  17:31  Pylon  
  96  18:00  Archon  
  96  18:02  Zealot x2  
  96  18:03  Zealot x6  
Show
View Real Time Build Order
Export as new Build Order

Yocto Zerg 

Build Orders: Hatch First, Lurkers 

Get SALT Encoding   

  12  0:01  Drone  
  13  0:14  Overlord  
  13  0:19  Drone  
  14  0:35  Drone x2  
  16  0:47  Drone  
  17  0:59  Hatchery  
  17  1:00  Drone  
  17  1:04  Extractor  
  17  1:05  Drone  
  17  1:16  Drone  
  18  1:20  Drone  
  19  1:39  Spawning Pool  
  18  1:40  Drone  
  19  2:04  Drone  
  19  2:07  Overlord  
  20  2:14  Hatchery  
  19  2:23  Drone x2  
  19  2:26  Zergling x6  
  24  2:43  Queen  
  26  2:46  Metabolic Boost  
  26  2:48  Queen  
  28  2:51  Drone  
  29  3:00  Overlord  
  29  3:02  Drone  
  30  3:12  Drone x3  
  33  3:27  Drone x3  
  36  3:35  Drone x2  
  38  3:44  Drone x2  
  39  3:53  Drone x3  
  39  3:54  Drone  
  42  4:07  Queen, Extractor  
  42  4:08  Overlord x3, Extractor  
  42  4:24  Extractor  
  42  4:27  Roach Warren  
  42  4:30  Drone  
  42  4:31  Drone x2  
  43  4:34  Spore Crawler  
  43  4:35  Drone x3  
  43  4:37  Queen  
  47  4:44  Lair  
  47  4:45  Drone  
  47  4:46  Drone x2  
  47  4:48  Drone  
  51  4:53  Spore Crawler  
  51  4:55  Spine Crawler, Drone x2  
  51  4:56  Drone  
  52  5:04  Spine Crawler  
  52  5:06  Drone x3  
  52  5:07  Drone  
  55  5:18  Drone x3  
  58  5:22  Spore Crawler  
  57  5:28  Roach  
  57  5:29  Roach x3  
  65  5:39  Spine Crawler  
  64  5:46  Drone  
  64  5:47  Drone x3  
  64  5:49  Overlord x3  
  68  5:55  Drone  
  69  5:58  Hydralisk Den  
  69  6:02  Queen  
  69  6:03  Overlord  
  70  6:08  Drone x3  
  70  6:09  Drone  
  74  6:15  Overseer  
  74  6:21  Roach x2  
  74  6:22  Roach x3, Extractor  
  83  6:27  Drone  
  84  6:34  Roach x4  
  84  6:35  Roach  
  94  6:42  Overlord  
  94  6:43  Overlord  
  94  6:51  Spine Crawler  
  91  7:06  Roach x2  
  91  7:07  Roach x7  
  91  7:08  Roach  
  111  7:19  Glial Reconstitution  
  111  7:20  Hydralisk Den  
  111  7:21  Overlord  
  111  7:22  Overlord  
  110  7:23  Overlord x2  
  110  7:31  Spine Crawler  
  109  7:42  Zergling x2  
  109  7:43  Zergling x14  
  109  7:44  Zergling x2  
  115  7:57  Hydralisk x6  
  115  7:58  Hydralisk x2  
  120  8:13  Drone x2  
  120  8:14  Drone x2  
  124  8:23  Hatchery  
  124  8:24  Zergling x2  
  124  8:25  Zergling x2  
  125  8:47  Roach x3  
  131  8:57  Overlord  
  131  8:58  Overlord x3  
  131  9:14  Overlord x3  
  119  9:38  Muscular Augments  
  119  9:47  Drone  
  119  9:48  Queen, Drone x5  
  119  9:52  Drone x2  
  129  9:59  Drone x3  
  132  10:03  Overseer x2  
  132  10:11  Queen  
  134  10:18  Hatchery  
  134  10:20  Lurker Den  
  132  10:22  Zergling x12  
  132  10:23  Zergling x2  
  139  10:31  Baneling Nest, Drone x3  
  136  10:46  Drone x2  
  136  10:47  Drone x5  
  143  10:58  Roach  
  143  10:59  Roach x2  
  149  11:11  Spine Crawler x2  
  147  11:12  Spine Crawler  
  147  11:14  Extractor  
  147  11:16  Hydralisk  
  147  11:17  Hydralisk x8  
  163  11:20  Queen  
  165  11:27  Spine Crawler  
  164  11:40  Hydralisk  
  164  11:41  Hydralisk x5  
  164  11:46  Lurker  
  164  11:47  Lurker x6  
  183  11:55  Queen  
  183  11:56  Centrifical Hooks  
  185  12:10  Overseer x2  
  185  12:17  Baneling x6  
  185  12:18  Baneling  
  185  12:22  Zergling x10  
  190  12:23  Zergling x4  
  192  12:53  Overlord x2  
  192  12:54  Overlord x2  
  181  13:30  Hatchery  
  180  13:36  Roach x7  
  180  13:37  Roach  
  180  13:40  Lurker x3  
  180  13:41  Lurker  
  200  13:43  Hatchery  
  200  13:44  Zergling x2  
  170  14:37  Roach  
  170  14:38  Roach x5  
  164  14:55  Drone  
  164  14:59  Drone x2  
  167  15:11  Hatchery  
  79  15:35  Roach  
  79  15:36  Roach x5  
  74  16:10  Roach x5  
  74  16:11  Roach x4  
  92  16:15  Hatchery  
  91  16:20  Evolution Chamber  
  91  16:21  Queen  
  92  16:26  Hydralisk x2  
  92  16:27  Hydralisk  
  92  16:29  Queen  
  100  16:37  Lurker x2  
  102  16:59  Ravager x4  
  106  17:12  Drone x8  
  106  17:13  Drone x3  
  117  17:18  Spire  
  116  17:23  Extractor  
  116  17:27  Spine Crawler  
  116  17:28  Spine Crawler  
  116  17:29  Spine Crawler  
  112  17:30  Spine Crawler  
  112  17:35  Drone  
  112  17:36  Drone x6  
  116  17:50  Roach x4  
  124  17:52  Roach  
Tags
 
Add a new tag
Caveats
  • Supply blocks, unpowered buildings, or Contaminate may cause inaccurate times.
  • Supply counts are checked every 10 seconds.